 Dungeon Crawl Stone Soup version 0.31-a0-1036-g31867e143a (webtiles) character file.

Game seed: 10820225082282668310

21 Azuregosa the Sneak (level 2, -2/21 HPs)
             Began as an Octopode Delver on Nov 19, 2023.
             Slain by a jackal (3 damage)
             ... in a sewer.
             The game lasted 00:01:41 (149 turns).

Azuregosa the Sneak (Octopode Delver)                Turns: 149, Time: 00:01:41

Health: -2/21      AC:  1    Str: 11    XL:     2   Next: 87%
Magic:  2/2        EV: 13    Int: 12    God:
Gold:   14         SH:  0    Dex: 13    Spells: 1/1 levels left

rFire   . . .        a - +0 spear
rCold   . . .        (no shield)
rNeg    . . .        (helmet restricted)
rPois   .            (no amulet)
rElec   .            (no ring)
rCorr   .            (no ring)
SInv    .            (no ring)
Will    .....        (no ring)
Stlth   +++++        (no ring)
HPRegen 0.23/turn    (no ring)
MPRegen 0.08/turn    (no ring)
                     (no ring)

%: no passive effects
@: no status effects
A: almost no armour, amphibious, 8 rings, camouflage 1, gelatinous body 1,
(nimble swimmer 1), tentacles
a: no special abilities


You were in a sewer.
You visited 1 branch of the dungeon, and saw 2 of its levels.
You also visited: Sewer.

You collected 14 gold pieces.

Inventory:

Hand Weapons
 a - a +0 spear (weapon)
Wands
 f - a wand of digging (3)
Scrolls
 b - a scroll of fog
 d - a scroll of fear
Potions
 c - 2 potions of resistance {unknown}
 e - a potion of haste


   Skills:
 - Level 3.0 Fighting
 - Level 2.0 Polearms
 - Level 2.0 Dodging
 + Level 7.7 Stealth


You had one spell level left.
You didn't know any spells.
Your spell library was empty.

Dungeon Overview and Level Annotations

Branches:
Dungeon (5/15)              Sewer (1/1)
 Temple: D:4-7

Altars:


Innate Abilities, Weirdness & Mutations

You cannot wear most types of armour.
You are amphibious.
You can wear up to eight rings at the same time.
Your skin changes colour to match your surroundings (Stealth+).
Your rubbery body absorbs attacks. (AC +1, EV +1)
((You are camouflaged when in or above water. (Stealth+)))
You have tentacles for arms and can constrict up to eight enemies at once.


Message History

The jackal is heavily wounded.
You constrict the jackal, but do no damage.
The jackal bites you but does no damage. x2
The jackal bites you. x2
You closely miss the jackal. Your grab misses the jackal.
The jackal is lightly wounded.
You constrict the jackal. The jackal barely misses you. The jackal bites you.
The jackal completely misses you.
The jackal bites you but does no damage.
The jackal bites you. x3; The jackal completely misses you.
You hit the jackal.
You kill the jackal!
You constrict the jackal.
You kill the jackal!
The jackal bites you. The jackal barely misses you.
You hit the jackal. Your grab misses the jackal.
Your squeeze misses the jackal.
The jackal is heavily wounded.
The jackal bites you.
* * * LOW HITPOINT WARNING * * *
The jackal barely misses you.
You barely miss the jackal. You grab the jackal.
The jackal is lightly wounded.
You constrict the jackal.
The jackal bites you but does no damage.
The jackal bites you.
* * * LOW HITPOINT WARNING * * *
The jackal barely misses you. The jackal closely misses you.
You hit the jackal. Your grab misses the jackal.
The jackal is almost dead.
You constrict the jackal, but do no damage.
The jackal bites you.
* * * LOW HITPOINT WARNING * * *
The jackal closely misses you.
You hit the jackal.
The jackal is almost dead.
You constrict the jackal.
You kill the jackal!
The jackal closely misses you. The jackal bites you.
You die...

.# ## .# #~#
#.## #~# ...#
#~##...#
##~#....#
#.~@†...# .
#.~†h...#
...###~~.....#
.~.~..~~######
.~.###~~.....#
#.~...∩.#
#.~.#.∩.#
##~##...#
#~######


You could see a jackal.

Vanquished Creatures
  An adder (D:5)
  A worm (D:5)
  A giant cockroach (D:5)
  3 jackals (Sewer)
  3 quokkas (D:5)
9 creatures vanquished.

Notes
Turn   | Place    | Note
-------+----------+-------------------------------------------
     0 | D:5      | Azuregosa the Octopode Delver began the quest for the Orb.
     0 | D:5      | Reached XP level 1. HP: 16/16 MP: 1/1
     2 | D:5      | Noticed a water moccasin
    32 | D:5      | Noticed an ice beast
   112 | D:5      | Reached skill level 7 in Stealth
   112 | D:5      | Reached XP level 2. HP: 19/21 MP: 2/2
   125 | D:5      | Found a glowing drain.
   129 | Sewer    | Entered a sewer
   148 | Sewer    | HP: 1/21 [jackal (3)]
   149 | Sewer    | Slain by a jackal

Illustrated notes

Levels and vault maps discovered:
D:4:      layout_basic, nicolae_ru_sacrificial_ziggurat
D:5:      layout_cave_pools, lemuel_tele_altar, serial_gnoll_camp,
          gnoll_camp_mini_loothouse, gnoll_camp_mini_hut, gnoll_camp_mini_house,
          gnoll_camp_mini_basic, gnoll_camp_mini_sergeant,
          gup_sewer_entry_spiral, minmay_misc_feat_cross
Sewer:    sewer_the_moccasin

Skill      XL: |  1 |
---------------+----+-----
Stealth        | 7 |  7.7
Fighting       | |  3.0
Polearms       | |  2.0
Dodging        | |  2.0

Action                     || total
---------------------------++-------
  Melee: Spear             ||    21
         Constrict         ||     8
         Tentacles         ||     6
         Punch             ||     1
    Use: Scroll            ||     1
   Stab: Sleeping          ||     3
 Armour: Skin              ||    21
  Dodge: Dodged            ||    15

Table legend: (Time is in decaauts)
 A = Elapsed time spent in this place.
 B = Non-inter-level travel time spent in this place.
 C = Inter-level travel time spent in this place.
 D = Time resting spent in this place.
 E = Time spent auto-exploring this place.
 F = Levels seen in this place.
 G = Mean time per level.
                   A        B        C        D        E       F      G
               +--------+--------+--------+--------+--------+-----+--------+
         Total |    149 |    149 |      0 |      0 |      0 |   3 |   49.7 |
       Dungeon |    129 |    129 |      0 |      0 |      0 |   2 |   64.5 |
         Sewer |     19 |     19 |      0 |      0 |      0 |   1 |   19.0 |
               +--------+--------+--------+--------+--------+-----+--------+

Top non-repeatable levels by time:
     D:5: 124 daAuts
   Sewer: 19 daAuts
     D:4: 4 daAuts
